 Dungeon Crawl Stone Soup version 0.31-a0-344-gd109795 (webtiles) character file.

Game seed: 5165571388173489354

84809 Cunctator the Grappler (level 15, -5/126 HPs)
             Began as a Gnoll Shapeshifter on July 21, 2023.
             Was the Champion of Hepliaklqana.
             Slain by a titan simulacrum (34 damage)
             ... on level 1 of the Abyss.
             The game lasted 01:29:01 (24856 turns).

Cunctator the Grappler (Gnoll Shapeshifter)        Turns: 24856, Time: 01:29:01

Health: -5/126     AC:  9    Str: 27    XL:     15   Next: 81%
Magic:  29/29      EV: 14    Int:  8    God:    Hepliaklqana [******]
Gold:   1949       SH:  0    Dex: 12    Spells: 22/34 levels left

rFire   . .          .
                       - Unarmed
rCold   + . .        (shield currently unavailable)
rNeg    . . .        m - melded +3 ring mail of Qexollal {Int-4 Dex+4 Slay+2}
rPois   +            (helmet currently unavailable)
rElec   .            (cloak currently unavailable)
rCorr   .            (gloves currently unavailable)
SInv    .            (boots currently unavailable)
Will    +....        y - amulet of faith
Stlth   ++++         i - ring of protection from cold
HPRegen 0.41/turn    l - ring of poison resistance
MPRegen 0.21/turn

%: faith
@: about to teleport, snake-form, slowed, very slow
A: constrict, boosted hp, reduced essence, large, (fangs 1), strong nose,
distributed training, (hooves 1)
a: Begin Untransformation, Renounce Religion, Recall Ancestor, Ancestor
Identity, Transference, Idealise


You were on level 1 of the Abyss.
You worshipped Hepliaklqana.
Hepliaklqana was exalted by your worship.
You were an enormous anaconda.
You visited 3 branches of the dungeon, and saw 19 of its levels.
You visited the Abyss 1 time.

You collected 2231 gold pieces.
You spent 282 gold pieces at shops.

Inventory:

Missiles
 g - 128 stones
 k - 4 curare-tipped darts
 n - 4 atropa-tipped darts (quivered)
 q - 41 poisoned darts
Armour
 m - the +3 ring mail of Qexollal (melded) {Int-4 Dex+4 Slay+2}
   (You found it on level 2 of the Dungeon)

   Int:       It affects your intelligence (-4).
   Dex:       It affects your dexterity (+4).
   Slay:      It affects your accuracy & damage with ranged weapons and melee
   (+2).
 F - the +4 pair of boots of Bitterness {rC++ Regen+ rCorr Str-5}
   (You found it on level 2 of the Lair of Beasts)

   Str:       It affects your strength (-5).
   rC:        It greatly protects you from cold.
   Regen:     It increases your rate of health regeneration.
   rCorr:     It protects you from acid and corrosion.
Jewellery
 i - a ring of protection from cold (left hand)
 l - a ring of poison resistance (right hand)
 y - an amulet of faith (around neck)
 A - the ring of Past Mistakes {+Blink rPois Will- Str+6 Stlth+}
   (You found it on level 5 of the Dungeon)

   [ring of poison resistance]

   Str:       It affects your strength (+6).
   rPois:     It protects you from poison.
   +Blink:    It lets you blink.
   Will:      It decreases your willpower.
   Stlth:     It makes you more stealthy.
 H - a ring of protection from cold
 P - a +6 ring of intelligence
 Z - a ring of protection from cold
Talismans
 c - a beast talisman
 t - a blade talisman
 M - a serpent talisman
Wands
 a - a wand of mindburst (11)
 f - a wand of charming (4)
 w - a wand of roots (14)
 D - a wand of flame (48)
 J - a wand of digging (5)
 N - a wand of acid (5)
 V - a wand of polymorph (4)
Scrolls
 b - a scroll of acquirement {unknown}
 j - a scroll of noise {unknown}
 p - a scroll of revelation {unknown}
 s - 2 scrolls of enchant weapon
 u - 4 scrolls of vulnerability
 v - a scroll of amnesia
 x - 2 scrolls of fog
 B - 3 scrolls of enchant armour
 G - a scroll of blinking
 Q - a scroll of silence {unknown}
 S - a scroll of immolation {unknown}
 W - a scroll of brand weapon {unknown}
 X - 3 scrolls of teleportation
Potions
 d - 2 potions of might
 e - 4 potions of attraction
 h - a potion of brilliance
 r - a potion of invisibility
 E - 2 potions of mutation
 I - 2 potions of enlightenment
 K - 7 potions of curing
 O - a potion of resistance
 R - 3 potions of magic
 U - 2 potions of degeneration {unknown}
Miscellaneous
 Y - a phantom mirror


   Skills:
 + Level 10.8 Fighting
 + Level 10.4 Short Blades
 + Level 10.4 Long Blades
 + Level 10.4 Axes
 + Level 10.4 Maces & Flails
 + Level 10.4 Polearms
 + Level 10.4 Staves
 + Level 10.4 Ranged Weapons
 + Level 10.4 Throwing
 + Level 10.4 Armour
 + Level 11.4 Dodging
 + Level 10.4 Stealth
 + Level 10.4 Shields
 + Level 12.2 Unarmed Combat
 + Level 10.4 Spellcasting
 + Level 8.8 Conjurations
 + Level 8.8 Hexes
 + Level 8.8 Summonings
 + Level 8.8 Necromancy
 + Level 8.8 Translocations
 + Level 8.8 Transmutations
 + Level 8.8 Fire Magic
 + Level 8.8 Ice Magic
 + Level 8.8 Air Magic
 + Level 8.8 Earth Magic
 + Level 8.8 Poison Magic
 + Level 11.3 Invocations
 + Level 10.4 Evocations
 + Level 10.9 Shapeshifting


You had 22 spell levels left.
You knew the following spells:

 Your Spells              Type           Power      Damage    Failure   Level
a - Stone Arrow           Conj/Erth      36%        3d9       1%          3
b - Manifold Assault      Tloc           18%        N/A       4%          4
c - Swiftness             Air            18%        N/A       1%          3
d - Blink                 Tloc           36%        N/A       1%          2

Your spell library contained the following spells:

 Spells                   Type           Power      Damage    Failure   Level
 Sandblast                Erth           36%        2d10      1%          1
 Shock                    Conj/Air       72%        1d7       1%          1
 Passwall                 Tmut/Erth      15%        N/A       1%          2
 Frozen Ramparts          Ice            36%        1d6       1%          3
 Inner Flame              Hex/Fire       18%        N/A       1%          3
 Tukima's Dance           Hex            18%        N/A       1%          3
 Volatile Blastmotes      Fire/Tloc      36%        2d13      1%          3
 Airstrike                Air            9%         2d(2-18)  4%          4
 Flame Wave               Conj/Fire      18%        2d7       4%          4
 Fulminant Prism          Conj/Hex       9%         3d7       4%          4
 Iskenderun's Mystic Bla  Conj/Tloc      18%        2d6       4%          4
 Passage of Golubria      Tloc           18%        N/A       4%          4
 Petrify                  Tmut/Erth      18%        N/A       4%          4
 Sticky Flame             Conj/Fire      18%        2d4       4%          4
 Metabolic Englaciation   Hex/Ice        9%         N/A       11%         5
 Summon Forest            Summ/Tloc      9%         N/A       11%         5
 Yara's Violent Unravell  Hex/Tmut       9%         3d6       11%         5
 Dispersal                Tloc           9%         N/A       52%         6
 Eringya's Noxious Bog    Tmut/Pois      9%         4d6       52%         6
 Summon Hydra             Summ           9%         N/A       98%         7
 Disjunction              Tloc           9%         N/A       100%        8


Dungeon Overview and Level Annotations

Branches:
Dungeon (13/15)            Temple (0/1) D:5            Lair (4/5) D:10
 Shoals (0/4) Lair:2       Spider (0/4) Lair:2        Slime (0/5) Lair:4
    Orc (2/2) D:11            Elf (0/3) Orc:2
 Vaults: D:13-14

Altars:
Ashenzari
Elyvilon
Fedhas
Hepliaklqana
Kikubaaqudgha
Okawaru
Qazlal
Ru
Sif Muna
Trog
Uskayaw
Wu Jian
Xom
Yredelemnul
The Shining One
Jiyva

Shops:
D:10 *   D:12 :   Orc:1 *(   Orc:2 **:[

Annotations:
D:13 Erolcha


Innate Abilities, Weirdness & Mutations

You are an enormous anaconda.
You have a powerful constriction melee attack.
Your maximum health is increased.
Your armour is entirely melded.
You are incapable of wielding weapons or throwing items.
Your life essence is reduced to manifest your ancestor. (-10% HP)
((You have very sharp teeth.))
Your uncanny sense of smell can sniff out nearby items.
Your experience applies equally to all skills.
((You have large cloven feet.))


Message History

The raiju splashes around in the water.
A titan simulacrum comes into view.
You crush the raiju!!!
You kill the raiju!
A raiju comes into view.
You enter the shallow water.
Dennis hits the titan simulacrum with a +0 quarterstaff!
The titan simulacrum hits Dennis!!
The titan simulacrum freezes Dennis!!
Dennis resists.
Dennis is destroyed!
You hit the raiju but do no damage. You grab the raiju.
You constrict the raiju, but do no damage.
The raiju barely misses you.
You body-slam the raiju!!
The raiju is severely wounded.
You constrict the raiju.
The raiju bursts into living lightning!
The living lightning hits you!!
The raiju struggles to blink free from constriction. x2
The raiju blinks free!
You hear a shout!
You hit the titan simulacrum but do no damage.
The titan simulacrum is lightly damaged.
The titan simulacrum closely misses you.
An ufetubus comes into view.
You hit the titan simulacrum.
The titan simulacrum is lightly damaged.
The titan simulacrum hits you!! The titan simulacrum freezes you!! You resist.
As you read the scroll of teleportation, it crumbles to dust.
You feel strangely unstable.
You feel the power of the Abyss delaying your translocation!
The raiju bursts into living lightning!
The living lightning hits you!
* * * LOW HITPOINT WARNING * * *
The raiju blinks!
The titan simulacrum barely misses you. x2
As you read the scroll of fear, it crumbles to dust.
You assume a fearsome visage.
The ufetubus looks frightened!
The titan simulacrum is unaffected.
The raiju resists with some effort.
The titan simulacrum hits you!!
You die...

†# .####.# .# #..
##..# .##.## . #.##
#~ ..~. ... .#. #~
..#~#≈..#~~#..#... #
##..†≈~.#~~≈.#h≈~
~.##~.≈.##.# .#..~ ~
.. .~~≈.~.##.~♣ .≈♣
#≈#####~≈~#.Z..#≈~~~~
## #≈##S~~# # .#....#
..#..##...# .###.##
.#.# # ..#. ##.# .5#
. # #.. ..


You could see a raiju, a titan simulacrum and an ufetubus (fleeing).

Vanquished Creatures
  A cacodemon (Abyss:1)
  An orc warlord (Orc:1)
  2 centaur warriors
  A hydra (Lair:4)
  2 boulder beetles
  2 two-headed ogres
  A thrashing horror (Abyss:1)
  3 orc high priests (Orc:2)
  A fire crab (Lair:4)
  Lodul (D:11)
  2 deep elf pyromancers (D:10)
  An orc sorcerer (Orc:2)
  2 cyclopes
  An ugly thing (D:11)
  A manticore (D:8)
  Joseph (Lair:1)
  4 elephants (Lair:3)
  3 black mambas
  A torpor snail (Lair:2)
  2 gargoyles (D:10)
  2 komodo dragons
  An orange demon (Lair:1)
  9 cane toads
  An efreet (D:13)
  3 kobold demonologists
  4 rime drakes
  A polar bear (Lair:1)
  4 trolls
  A hornet (Lair:2)
  2 raiju (Abyss:1)
  8 blink frogs
  A flying skull (Abyss:1)
  Sigmund (D:3)
  2 shadows (D:11)
  A vampire (D:12)
  2 wraiths
  7 wyverns
  3 basilisks
  28 yaks
  7 vampire mosquitoes
  A steam dragon (Lair:3)
  4 wargs
  3 acid dragons
  Duvessa (D:5)
  5 water moccasins
  2 hell hounds (Lair:4)
  An ice beast (D:8)
  18 orc warriors
  A black bear (D:8)
  9 ogres
  8 wolves
  3 centaurs
  2 kobold brigands
  10 bullfrogs
  4 scorpions
  Dowan (D:5)
  A killer bee (D:10)
  2 howler monkeys
  2 hounds
  A jelly (D:8)
  25 orc priests
  A gnoll bouda (D:5)
  2 sleepcaps
  9 orc wizards
  A scorpion zombie (D:4)
  3 iguanas
  A hell rat (Lair:4)
  Terence (D:3)
  3 ogre zombies (D:11)
  A hound zombie (D:4)
  7 gnolls
  3 adders
  2 shadow imps
  2 white imps
  An ufetubus (D:5)
  2 adder zombies (D:4)
  2 worms
  4 dart slugs
  47 orcs
  2 ball pythons
  5 endoplasms
  5 giant cockroaches
  6 goblins
  5 hobgoblins
  2 jackals (D:5)
  13 kobolds
  3 quokkas
  5 bats
  6 frilled lizards
  3 hobgoblin zombies (D:11)
  3 orc skeletons (D:11)
  5 orc zombies (D:11)
  3 rats
383 creatures vanquished.

Vanquished Creatures (collateral kills)
  An orc warlord (Orc:1)
  A fire dragon (D:10)
  Fannar (Orc:1)
  A hydra (Lair:4)
  3 two-headed ogres
  A centaur warrior (D:10)
  2 boulder beetles
  3 orc high priests (Orc:2)
  A death yak (D:11)
  Sonja (Orc:1)
  Amaemon (Lair:1)
  A lindwurm (Lair:4)
  A deep elf zephyrmancer (D:7)
  A deep elf pyromancer (D:12)
  A cyclops (D:13)
  An oklob plant (Lair:4)
  An elephant (Lair:3)
  2 black mambas
  6 cane toads
  3 rime drakes (Lair:4)
  A komodo dragon (Lair:4)
  A meliai (D:10)
  A troll (D:10)
  4 blink frogs
  A raiju (Abyss:1)
  31 yaks
  8 wyverns
  A shadow (D:11)
  A vampire (D:11)
  A wraith (D:12)
  A chaos spawn (Abyss:1)
  6 basilisks
  2 steam dragons
  A vampire mosquito (D:13)
  6 wargs
  2 acid dragons
  4 water moccasins
  7 orc warriors
  2 sky beasts
  4 ogres
  7 wolves
  A centaur (D:10)
  2 phantoms (D:11)
  A kobold brigand (D:7)
  3 bullfrogs
  A gnoll sergeant (D:11)
  5 scorpions (Lair:2)
  2 troll zombies (D:11)
  A jelly (D:6)
  A hound (D:7)
  13 orc priests
  An iguana (D:6)
  10 orc wizards
  3 hell rats (Lair:4)
  An ogre zombie (D:11)
  4 gnolls
  37 orcs
  2 goblins (D:8)
  2 kobolds (D:7)
  A goblin skeleton (D:11)
  7 orc zombies (D:11)
223 creatures vanquished.

Vanquished Creatures (others)
  16 battlemagi
16 creatures vanquished.

Grand Total: 622 creatures vanquished

Notes
Turn   | Place    | Note
-------+----------+-------------------------------------------
     0 | D:1      | Cunctator the Gnoll Shapeshifter began the quest for the
                  | Orb.
     0 | D:1      | Reached XP level 1. HP: 17/17 MP: 1/1
   206 | D:1      | Reached XP level 2. HP: 23/23 MP: 2/2
  1051 | D:2      | Reached XP level 3. HP: 27/28 MP: 3/3
  1117 | D:2      | Reached skill level 1 in Invocations
  1205 | D:2      | Reached skill level 1 in Short Blades
  1205 | D:2      | Reached skill level 1 in Long Blades
  1205 | D:2      | Reached skill level 1 in Axes
  1205 | D:2      | Reached skill level 1 in Maces & Flails
  1205 | D:2      | Reached skill level 1 in Polearms
  1205 | D:2      | Reached skill level 1 in Staves
  1205 | D:2      | Reached skill level 1 in Ranged Weapons
  1205 | D:2      | Reached skill level 1 in Throwing
  1205 | D:2      | Reached skill level 1 in Armour
  1205 | D:2      | Reached skill level 1 in Stealth
  1205 | D:2      | Reached skill level 1 in Shields
  1205 | D:2      | Reached skill level 1 in Spellcasting
  1205 | D:2      | Reached skill level 1 in Evocations
  1243 | D:2      | Identified the +3 ring mail of Qexollal {Int-4 Dex+4
                  | Slay+2}
  1627 | D:2      | Identified the +1 leather armour "Loigeof" {Contam Rampage
                  | rCorr Int+6}
  1806 | D:3      | Noticed Sigmund
  1817 | D:3      | Killed Sigmund
  1818 | D:3      | Reached skill level 1 in Conjurations
  1818 | D:3      | Reached skill level 1 in Hexes
  1818 | D:3      | Reached skill level 1 in Summonings
  1818 | D:3      | Reached skill level 1 in Necromancy
  1818 | D:3      | Reached skill level 1 in Translocations
  1818 | D:3      | Reached skill level 1 in Transmutations
  1818 | D:3      | Reached skill level 1 in Fire Magic
  1818 | D:3      | Reached skill level 1 in Ice Magic
  1818 | D:3      | Reached skill level 1 in Air Magic
  1818 | D:3      | Reached skill level 1 in Earth Magic
  1818 | D:3      | Reached skill level 1 in Poison Magic
  1818 | D:3      | Reached XP level 4. HP: 35/35 MP: 4/6
  1818 | D:3      | Reached XP level 5. HP: 41/41 MP: 4/7
  1971 | D:3      | Found an ornate altar of the Wu Jian Council.
  1972 | D:3      | Found a hazy altar of Hepliaklqana.
  2038 | D:3      | Reached XP level 6. HP: 46/47 MP: 8/8
  2044 | D:3      | Became a worshipper of Hepliaklqana the Forgotten
  2315 | D:3      | Noticed Terence
  2322 | D:3      | Killed Terence
  2569 | D:4      | Found a basalt altar of Yredelemnul.
  2583 | D:4      | Reached skill level 5 in Dodging
  2944 | D:4      | You fall into a shaft and drop 2 floors!
  3004 | D:5      | Entered Level 5 of the Dungeon
  3013 | D:5      | Found a staircase to the Ecumenical Temple.
  3080 | D:5      | Reached XP level 7. HP: 52/52 MP: 10/10
  3086 | D:5      | Reached skill level 7 in Unarmed Combat
  3216 | D:5      | Found a sacrificial altar of Ru.
  3224 | D:5      | Noticed Dowan
  3279 | D:5      | Noticed Duvessa
  3316 | D:5      | Killed Duvessa
  3330 | D:5      | Killed Dowan
  3766 | D:5      | Reached * piety under Hepliaklqana
  3782 | D:5      | Reached XP level 8. HP: 54/54 MP: 12/12
  3789 | D:5      | Identified the ring of Past Mistakes {+Blink rPois Will-
                  | Str+6 Stlth+}
  3831 | D:5      | Found a hide-covered altar of Uskayaw.
  4103 | D:6      | Found a broken altar of Ashenzari.
  4738 | D:6      | Reached ** piety under Hepliaklqana
  4779 | D:6      | Remembered your ancestor Dennis as a battlemage
  5404 | D:7      | Found a stormy altar of Qazlal.
  5818 | D:7      | Reached *** piety under Hepliaklqana
  6074 | D:7      | Found a white marble altar of Elyvilon.
  6208 | D:7      | Noticed a deep elf zephyrmancer
  6212 | D:7      | Killed a deep elf zephyrmancer
  6213 | D:7      | Reached XP level 9. HP: 45/60 MP: 13/15
  6357 | D:8      | Found a blossoming altar of Fedhas.
  6405 | D:8      | Reached skill level 5 in Fighting
  6529 | D:8      | Noticed a manticore
  6539 | D:8      | Killed a manticore
  6540 | D:8      | Reached skill level 8 in Unarmed Combat
  6618 | D:8      | Reached skill level 5 in Invocations
  6671 | D:8      | Reached XP level 10. HP: 63/67 MP: 17/17
  6675 | D:8      | Found a glowing golden altar of the Shining One.
  6687 | D:8      | Reached skill level 5 in Short Blades
  6687 | D:8      | Reached skill level 5 in Long Blades
  6687 | D:8      | Reached skill level 5 in Axes
  6687 | D:8      | Reached skill level 5 in Maces & Flails
  6687 | D:8      | Reached skill level 5 in Polearms
  6687 | D:8      | Reached skill level 5 in Staves
  6687 | D:8      | Reached skill level 5 in Ranged Weapons
  6687 | D:8      | Reached skill level 5 in Throwing
  6687 | D:8      | Reached skill level 5 in Armour
  6687 | D:8      | Reached skill level 5 in Stealth
  6687 | D:8      | Reached skill level 5 in Shields
  6687 | D:8      | Reached skill level 5 in Spellcasting
  6687 | D:8      | Reached skill level 5 in Evocations
  6937 | D:8      | Found an ancient bone altar of Kikubaaqudgha.
  6950 | D:8      | Found an iron altar of Okawaru.
  7208 | D:9      | Noticed a two-headed ogre
  7330 | D:9      | Found a shimmering altar of Xom.
  7331 | D:9      | Reached **** piety under Hepliaklqana
  7335 | D:9      | Found a bloodstained altar of Trog.
  7662 | D:9      | Found a shimmering blue altar of Sif Muna.
  8385 | D:9      | Killed a two-headed ogre
  8386 | D:9      | Reached XP level 11. HP: 74/74 MP: 19/19
  8426 | D:10     | Entered Level 10 of the Dungeon
  8441 | D:10     | Reached skill level 9 in Unarmed Combat
  8496 | D:10     | Reached skill level 5 in Conjurations
  8496 | D:10     | Reached skill level 5 in Hexes
  8496 | D:10     | Reached skill level 5 in Summonings
  8496 | D:10     | Reached skill level 5 in Necromancy
  8496 | D:10     | Reached skill level 5 in Translocations
  8496 | D:10     | Reached skill level 5 in Transmutations
  8496 | D:10     | Reached skill level 5 in Fire Magic
  8496 | D:10     | Reached skill level 5 in Ice Magic
  8496 | D:10     | Reached skill level 5 in Air Magic
  8496 | D:10     | Reached skill level 5 in Earth Magic
  8496 | D:10     | Reached skill level 5 in Poison Magic
  8525 | D:10     | Reached XP level 12. HP: 53/81 MP: 20/22
  8526 | D:10     | Reached skill level 10 in Unarmed Combat
  8526 | D:10     | Reached XP level 13. HP: 50/88 MP: 20/24
  9124 | D:10     | Noticed a fire dragon
  9224 | D:10     | Found a staircase to the Lair.
  9237 | Lair:1   | Entered Level 1 of the Lair of Beasts
  9249 | Lair:1   | Reached ***** piety under Hepliaklqana
  9310 | Lair:1   | Learned a level 3 spell: Stone Arrow
  9315 | Lair:1   | Learned a level 4 spell: Manifold Assault
  9389 | Lair:1   | Noticed Joseph
  9394 | Lair:1   | Killed Joseph
  9937 | Lair:1   | Noticed Amaemon
  9947 | Lair:1   | Killed Amaemon
 10826 | Lair:2   | Found a staircase to the Shoals.
 11084 | Lair:2   | Identified the +4 pair of boots of Bitterness {rC++ Regen+
                  | rCorr Str-5}
 11153 | Lair:2   | Found a hole to the Spider Nest.
 12528 | Lair:3   | Reached XP level 14. HP: 54/97 MP: 19/26
 12732 | Lair:3   | Learned a level 3 spell: Swiftness
 12735 | Lair:3   | Learned a level 2 spell: Blink
 12896 | Lair:3   | Reached skill level 10 in Dodging
 12896 | Lair:3   | Reached skill level 11 in Unarmed Combat
 13713 | Lair:3   | Reached skill level 10 in Shapeshifting
 14694 | Lair:4   | Reached skill level 10 in Invocations
 15775 | Lair:4   | Reached ****** piety under Hepliaklqana
 16454 | Lair:4   | Found a viscous altar of Jiyva.
 16454 | Lair:4   | Found a staircase to the Slime Pits.
 16910 | D:10     | Found Hazanli's Assorted Antiques.
 16915 | D:10     | Bought a scroll of identify for 56 gold pieces
 16915 | D:10     | Bought a potion of heal wounds for 140 gold pieces
 17659 | D:10     | Reached skill level 10 in Fighting
 18011 | D:11     | Reached XP level 15. HP: 103/103 MP: 28/28
 18271 | D:11     | Found a glowing golden altar of the Shining One.
 18271 | D:11     | Noticed Lodul
 18415 | D:11     | Killed Lodul
 18907 | D:11     | Found a staircase to the Orcish Mines.
 19288 | Orc:1    | Entered Level 1 of the Orcish Mines
 19460 | Orc:2    | Entered Level 2 of the Orcish Mines
 19607 | Orc:2    | Noticed an orc warlord
 19624 | Orc:1    | Killed an orc warlord
 19625 | Orc:1    | Reached skill level 10 in Short Blades
 19625 | Orc:1    | Reached skill level 10 in Long Blades
 19625 | Orc:1    | Reached skill level 10 in Axes
 19625 | Orc:1    | Reached skill level 10 in Maces & Flails
 19625 | Orc:1    | Reached skill level 10 in Polearms
 19625 | Orc:1    | Reached skill level 10 in Staves
 19625 | Orc:1    | Reached skill level 10 in Ranged Weapons
 19625 | Orc:1    | Reached skill level 10 in Throwing
 19625 | Orc:1    | Reached skill level 10 in Armour
 19625 | Orc:1    | Reached skill level 10 in Stealth
 19625 | Orc:1    | Reached skill level 10 in Shields
 19625 | Orc:1    | Reached skill level 10 in Spellcasting
 19625 | Orc:1    | Reached skill level 10 in Evocations
 19642 | Orc:1    | Noticed an orc warlord
 20372 | Orc:2    | Reached skill level 12 in Unarmed Combat
 20594 | Orc:2    | Found a staircase to the Elven Halls.
 20723 | Orc:2    | Found Foesko's Antique Armour Shop.
 20723 | Orc:2    | Found Lodd's Book Emporium.
 21106 | Orc:2    | Found Oppogyi's Assorted Antiques.
 21106 | Orc:2    | Found Sipety's General Store.
 21112 | Orc:2    | Bought 2 viscous coppery potions for 55 gold pieces
 21112 | Orc:2    | Bought a scroll labelled SUSHUK FUGITOTH for 31 gold pieces
 21934 | Orc:1    | Found Paluaput's General Store.
 21963 | Orc:1    | Noticed Sonja
 21965 | Orc:1    | Noticed Fannar
 21968 | Orc:1    | Killed Sonja
 21981 | Orc:1    | Killed Fannar
 22001 | Orc:1    | Killed an orc warlord
 22205 | Orc:1    | Found Joanufao's Firing Range.
 22945 | D:12     | Found Myniadus's Book Emporium.
 24753 | D:13     | Noticed Erolcha
 24756 | Abyss:1  | Cast into level 1 of the Abyss (Erolcha)
 24764 | Abyss:1  | Found a corrupted altar of Lugonu.
 24829 | Abyss:1  | Gained mutation: You have large cloven feet. [a cacodemon]
 24856 | Abyss:1  | Slain by a titan simulacrum

Illustrated notes

Levels and vault maps discovered:
D:1:      dpeg_arrival_radiant, layout_basic, ebering_dispersal_statue_hall,
          hex_medium
D:2:      layout_basic
D:3:      layout_rooms, nicolae_overflow_squiral, serial_forest,
          infiniplex_forest_end_2, infiniplex_forest_clump_cross,
          infiniplex_forest_straight_4, infiniplex_forest_straight_4,
          infiniplex_forest_straight_2, infiniplex_forest_3_way,
          infiniplex_forest_straight_4, dk_noncrumbling_4,
          kennysheep_generic_room_12, uniq_sigmund, uniq_terence
D:4:      layout_basic, nicolae_yredelemnul_corpse_copse,
          kennysheep_another_room, nicolae_underground_beach
D:5:      layout_basic, mainiacjoe_overflow_boulevard, amcnicky_altar_gilded,
          minmay_temple_entry_wispy, kennysheep_generic_room_3, uniq_duvessa
D:6:      layout_layer_cave, nicolae_ashenzari_panopticon
D:7:      layout_loops_corners, nicolae_qazlal_general_emergency,
          mainiacjoe_overflow_alcove_2, guppyfry_early_elven_hall
D:8:      layout_rooms, mainiacjoe_overflow_six_doors_small,
          mainiacjoe_overflow_catwalk_spiral, kennysheep_okawaru_gauntlet,
          minmay_microvault
D:9:      layout_irregular_city, trog_antimagical, general_overflow_altar,
          mainiacjoe_overflow_small_starburst
D:10:     minmay_the_grid_net [minmay_the_grid_large_cup,
          minmay_the_grid_spikes, minmay_the_grid_x,
          minmay_the_grid_minigrid_large, minmay_the_grid_minigrid_small_alt,
          minmay_the_grid_prize_inner_circle], layout_grid_maze,
          lair_entry_dummy, serial_shops, nicolae_shop_advertising_works
          [nicolae_subvault_shop_adworks], special_room [special_room_orc],
          nrook_pool_corridor
D:11:     argonaut_augean_stables, layout_gridville, zombieorc1_lemuel,
          tso_metal_star, uniq_lodul
D:12:     layout_layer_cave, serial_shops, shop
D:13:     layout_layer_cave, minivault_13, uniq_erolcha
Lair:1:   layout_long_grid, uniq_joseph, uniq_amaemon
Lair:2:   layout_regular_city, shoals_dummy_entry,
          nicolae_spider_entry_non_spiders, gauntlet_entry_generic,
          grunt_megastairs_5, serial_bayou_shore_b, lemuel_fruit_tree
Lair:3:   layout_big_grid
Lair:4:   nzn_winding_woodlands_medium [nzn_winding_woodlands_5x5_perimeter,
          nzn_winding_woodlands_5x15_sawtooth, nzn_winding_woodlands_5x5_cross,
          nzn_winding_woodlands_5x5_open_star,
          nzn_winding_woodlands_center_lodge, nzn_winding_woodlands_hourglass,
          nzn_winding_woodlands_5x5_three, nzn_winding_woodlands_5x15_eye,
          nzn_winding_woodlands_5x5_default], layout_loops_ring,
          dpeg_slime_entry_enclosed, special_room [special_room_mythical_zoo],
          minmay_lair_oklob_items, st_stairs_13
Orc:1:    layout_caves, serial_shops, shop, basic_altar,
          nicolae_shop_firing_range, uniq_sonja, uniq_fannar
Orc:2:    st_orc_town, layout_caves
Abyss:1:  base: D:14, bh_abyss_exit_spiral

Skill      XL: |  1  2  3  4  5  6  7  8  9 10 11 12 13 14 15 |
---------------+----------------------------------------------+-----
Invocations    | 1 2 3 4 5 6 7 8 9 10 11 | 11.3
Short Blades   | 1 2 4 5 6 7 8 9 10 | 10.4
Long Blades    | 1 2 4 5 6 7 8 9 10 | 10.4
Axes           | 1 2 4 5 6 7 8 9 10 | 10.4
Maces & Flails | 1 2 4 5 6 7 8 9 10 | 10.4
Polearms       | 1 2 4 5 6 7 8 9 10 | 10.4
Staves         | 1 2 4 5 6 7 8 9 10 | 10.4
Ranged Weapons | 1 2 4 5 6 7 8 9 10 | 10.4
Throwing       | 1 2 4 5 6 7 8 9 10 | 10.4
Armour         | 1 2 4 5 6 7 8 9 10 | 10.4
Stealth        | 1 2 4 5 6 7 8 9 10 | 10.4
Shields        | 1 2 4 5 6 7 8 9 10 | 10.4
Spellcasting   | 1 2 4 5 6 7 8 9 10 | 10.4
Evocations     | 1 2 4 5 6 7 8 9 10 | 10.4
Fighting       | 3 4 5 6 7 8 9 10 | 10.8
Conjurations   | 1 2 3 4 5 6 7 8 |  8.8
Hexes          | 1 2 3 4 5 6 7 8 |  8.8
Summonings     | 1 2 3 4 5 6 7 8 |  8.8
Necromancy     | 1 2 3 4 5 6 7 8 |  8.8
Translocations | 1 2 3 4 5 6 7 8 |  8.8
Transmutations | 1 2 3 4 5 6 7 8 |  8.8
Fire Magic     | 1 2 3 4 5 6 7 8 |  8.8
Ice Magic      | 1 2 3 4 5 6 7 8 |  8.8
Air Magic      | 1 2 3 4 5 6 7 8 |  8.8
Earth Magic    | 1 2 3 4 5 6 7 8 |  8.8
Poison Magic   | 1 2 3 4 5 6 7 8 |  8.8
Dodging        | 5 6 7 8 9 10 11 | 11.4
Unarmed Combat | 7 8 9 10 11 12 | 12.2
Shapeshifting  | 7 8 9 10 | 10.9

Action                     |  1- 3 |  4- 6 |  7- 9 | 10-12 | 13-15 || total
---------------------------+-------+-------+-------+-------+-------++-------
  Melee: Unarmed           |    54 |    75 |   119 |    63 |   813 ||  1124
         Bite              |     4 |     6 |    16 |    12 |     4 ||    42
         Punch             |     4 |     4 |     5 |     3 |     4 ||    20
         Constrict         |       |       |       |       |   163 ||   163
  Throw: Dart              |     6 |       |    10 |     6 |     2 ||    24
         Stone             |       |       |     2 |       |       ||     2
   Cast: Manifold Assault  |       |       |       |       |   153 ||   153
         Stone Arrow       |       |       |       |       |     9 ||     9
         Blink             |       |       |       |       |     6 ||     6
         Swiftness         |       |       |       |       |     5 ||     5
 Invoke: Ancestor Identity |       |       |     1 |       |     1 ||     2
         Ancestor Life: Ba |       |       |     1 |       |       ||     1
         Recall Ancestor   |       |       |       |     2 |     5 ||     7
         Transference      |       |       |       |     1 |     6 ||     7
         Idealise          |       |       |       |       |     8 ||     8
Ability: Begin Untransform |       |       |       |       |     4 ||     4
  Evoke: Wand              |       |       |     8 |     2 |     8 ||    18
    Use: Scroll            |       |     5 |       |     1 |    20 ||    26
         Potion            |       |     1 |       |     6 |    12 ||    19
   Stab: Invisible         |     3 |       |     1 |       |       ||     4
         Sleeping          |     1 |     3 |     3 |       |     9 ||    16
         Distracted        |       |       |     1 |       |    12 ||    13
 Armour: Animal skin       |     6 |       |       |       |       ||     6
         Ring mail         |     1 |    18 |    29 |    15 |     8 ||    71
         Skin              |       |     5 |    23 |     3 |   168 ||   199
  Dodge: Dodged            |    22 |    36 |    54 |    45 |   421 ||   578
   Form: Anaconda          |       |       |       |       |     3 ||     3
         Blade             |       |       |       |       |     1 ||     1

Table legend: (Time is in decaauts)
 A = Elapsed time spent in this place.
 B = Non-inter-level travel time spent in this place.
 C = Inter-level travel time spent in this place.
 D = Time resting spent in this place.
 E = Time spent auto-exploring this place.
 F = Levels seen in this place.
 G = Mean time per level.
                   A        B        C        D        E       F      G
               +--------+--------+--------+--------+--------+-----+--------+
         Total |  24686 |  23968 |    718 |   5034 |  14925 |  20 | 1234.3 |
       Dungeon |  14225 |  13832 |    393 |   1773 |   9781 |  13 | 1094.2 |
          Lair |   7321 |   7108 |    213 |   2212 |   3861 |   4 | 1830.2 |
  Orcish Mines |   3032 |   2920 |    112 |   1049 |   1283 |   2 | 1516.0 |
         Abyss |    107 |    107 |      0 |      0 |      0 |   1 |  107.0 |
               +--------+--------+--------+--------+--------+-----+--------+

Top non-repeatable levels by time:
  Lair:4: 2235 daAuts
  Lair:3: 1969 daAuts
    D:10: 1862 daAuts
    D:11: 1712 daAuts
  Lair:2: 1599 daAuts
   Orc:2: 1596 daAuts
  Lair:1: 1517 daAuts
   Orc:1: 1435 daAuts
     D:6: 1336 daAuts
     D:9: 1232 daAuts
    D:13: 1171 daAuts
    D:12: 1097 daAuts
     D:7: 1075 daAuts
     D:5: 1055 daAuts
     D:1: 958 daAuts
